 Dungeon Crawl Stone Soup version 0.28-a0-653-g7e9dba17c3 (webtiles) character file.

Game seed: 15444336545815554060

1492 Drevant2 the Jinx (level 9, -3/59 HPs)
             Began as a Formicid Arcane Marksman on Oct 12, 2021.
             Slain by an orc warrior (9 damage)
             ... on level 6 of the Dungeon.
             The game lasted 00:28:29 (7372 turns).

Drevant2 the Jinx (Formicid Arcane Marksman)        Turns: 7372, Time: 00:28:29

Health: -3/59      AC:  6    Str: 15 (18) XL:     9   Next: 7%
Magic:  10/10      EV: 10    Int: 10 (12) God:
Gold:   27         SH:  0    Dex: 12 (14) Spells: 4/10 levels left

rFire   + + .      SeeInvis +   p - +2 triple sword (holy)
rCold   . . .      Faith    .   (no shield)
rNeg    . . .      Spirit   .   M - +0 ring mail
rPois   .          Reflect  .   (helmet unavailable)
rElec   .          Harm     .   (no cloak)
rCorr   .          Rampage  .   (no gloves)
Will    .....                   o - +0 pair of boots
Stlth   +.........              i - amulet of regeneration
HPRegen 1.19/turn               e - ring of protection from fire
MPRegen 0.12/turn               r - ring of protection from fire

@: unable to read
A: permanent stasis, dig shafts and tunnels, antennae 3, four strong arms,
strong 1, inability to read while threatened
a: Dig, Shaft Self


You were on level 6 of the Dungeon.
You visited 1 branch of the dungeon, and saw 7 of its levels.

You collected 265 gold pieces.
You spent 238 gold pieces at shops.

Inventory:

Hand Weapons
 a - a +0 hunting sling
 h - a +0 spear
 j - a +2 short sword of freezing
 p - a +2 triple sword of holy wrath (weapon)
Missiles
 c - 48 sling bullets
 f - 75 stones (quivered)
Armour
 d - a +0 robe
 o - a +0 pair of boots (worn)
 u - a +0 chain mail
 K - a +2 hat
 M - a +0 ring mail (worn)
Jewellery
 e - a ring of protection from fire (left hand)
 g - a ring of ice
 i - an amulet of regeneration (around neck)
 r - a ring of protection from fire (right hand)
 v - a ring of magical power
 z - a +4 ring of protection
 C - a ring of willpower
 E - an amulet of reflection
Wands
 m - a wand of flame (11)
 A - a wand of paralysis (18)
 J - a wand of iceblast (2)
Scrolls
 q - 2 scrolls of fog
 t - a scroll of identify
 w - 3 scrolls of enchant weapon
 x - 2 scrolls of teleportation
 y - 3 scrolls of enchant armour
 D - a scroll of blinking
 G - a scroll of amnesia
Potions
 b - 2 potions of curing
 k - a potion of haste {unknown}
 l - 2 potions of flight
 n - a potion of resistance {unknown}
 s - a potion of magic {unknown}
 B - a potion of might {unknown}
 F - a potion of cancellation {unknown}
 H - a potion of degeneration
 I - a potion of mutation


   Skills:
 - Level 1.1 Fighting
 - Level 4.7 Short Blades
 * Level 0.0(2.8) Long Blades
 - Level 7.5 Slings
 - Level 1.7 Dodging
 - Level 1.1 Spellcasting
 + Level 8.9 Hexes


You had 4 spell levels left.
You knew the following spells:

 Your Spells              Type           Power      Damage    Failure   Level
a - Slow                  Hex            18%        N/A       2%          2
b - Cause Fear            Hex            9%         N/A       17%         4

Your spell library contained the following spells:

 Spells                   Type           Power      Damage    Failure   Level
 Inner Flame              Hex/Fire       9%         N/A       32%         3
 Portal Projectile        Hex/Tloc       18%        N/A       32%         3
 Animate Skeleton         Necr           0%         N/A       56%         1
 Apportation              Tloc           0%         N/A       56%         1
 Beastly Appendage        Tmut           0%         N/A       56%         1
 Freeze                   Ice            0%         1d3       56%         1
 Summon Small Mammal      Summ           0%         N/A       56%         1
 Wereblood                Tmut           0%         N/A       71%         2
 Frozen Ramparts          Ice            0%         1d2       90%         3
 Spider Form              Tmut/Pois      0%         N/A       90%         3
 Hailstorm                Conj/Ice       0%         3d3       100%        4
 Manifold Assault         Tloc           0%         N/A       100%        5
 Storm Form               Tmut/Air       0%         N/A       100%        7
 Blink                    Tloc           Unusable   N/A       N/A         2

Dungeon Overview and Level Annotations

Branches:
Dungeon (7/15)
 Temple: D:4-7

Altars:
Makhleb
Sif Muna

Shops:
D:5 *


Innate Abilities, Weirdness & Mutations

You cannot be hasted, slowed, berserked, paralysed or teleported.
You can dig through walls and to a lower floor.
You have a pair of large antennae on your head. (SInv)
Your four strong arms can wield two-handed weapons with a shield.
Your muscles are strong. (Str +2)
You sometimes lose the ability to read scrolls when taking damage.


Message History

The black bear is heavily wounded.
The black bear bites you.
* * * LOW HITPOINT WARNING * * *
The black bear claws you but does no damage.
The black bear closely misses you. The orc warrior barely misses you.
You hit the black bear.
The black bear is heavily wounded.
The black bear bites you.
* * * LOW HITPOINT WARNING * * *
The black bear claws you.
* * * LOW HITPOINT WARNING * * *
The black bear completely misses you. The orc warrior barely misses you.
The orc warrior hits you with a +0 scimitar!
* * * LOW HITPOINT WARNING * * *
The black bear closely misses you.
The black bear claws you but does no damage. x2
You hit the black bear but do no damage.
The black bear is heavily wounded.
The orc warrior closely misses you.
The black bear bites you but does no damage.
The black bear claws you but does no damage.
The black bear barely misses you.
The orc warrior hits you with a +0 scimitar!
* * * LOW HITPOINT WARNING * * *
The black bear barely misses you.
The black bear claws you but does no damage. x2
You cannot read scrolls in your current state!
Are you sure you want to shaft yourself?
The orc warrior hits you with a +0 scimitar.
* * * LOW HITPOINT WARNING * * *
The black bear bites you.
* * * LOW HITPOINT WARNING * * *
The black bear closely misses you. The black bear claws you.
* * * LOW HITPOINT WARNING * * *
You begin to dig a shaft.
You continue digging a shaft.
The black bear bites you but does no damage.
The black bear completely misses you.
The black bear claws you but does no damage.
The orc warrior hits you with a +0 scimitar!
You die...

#.### ##'#. ..... # ... # ######
... # #.. .#### .....# #.# #.#.#
#.##.. ####.# #o#.###.#.###.##..
..##.# #@#. ..........# . #.##.#
#h#.###.#.#.#.#### #.##.#
#.#.(.............
#.##.###########.##.##.#.#.......
.................................
####.###########.##.#............
.........................##..####
####.#####.#.###...<..#..##..####
#.# #.#.#........#..##....[.


You could see an orc warrior and a black bear.

Vanquished Creatures
  A steam dragon (D:6)
  A water moccasin (D:5)
  An ogre (D:5)
  A phantom (D:4)
  Blork the orc (D:6)
  A bullfrog (D:6)
  4 scorpions
  A water moccasin skeleton (D:6)
  A bullfrog zombie (D:5)
  A centaur zombie (D:6)
  2 centaur skeletons
  2 hounds
  3 jellies
  An orc priest (D:2)
  A bullfrog skeleton (D:6)
  3 iguanas
  2 orc wizards (D:6)
  4 gnolls (D:5)
  11 adders
  An ufetubus (D:4)
  A worm (D:3)
  3 dart slugs
  11 orcs
  3 ball pythons
  5 bats
  7 endoplasms
  4 giant cockroaches
  4 goblins
  3 hobgoblins
  4 jackals (D:2)
  8 kobolds
  8 quokkas
  5 frilled lizards
  2 rats
111 creatures vanquished.

Notes
Turn   | Place    | Note
-------+----------+-------------------------------------------
     0 | D:1      | Drevant2 the Formicid Arcane Marksman began the quest for
                  | the Orb.
     0 | D:1      | Reached XP level 1. HP: 15/15 MP: 2/2
   164 | D:1      | Reached XP level 2. HP: 21/21 MP: 3/3
   322 | D:1      | Reached skill level 4 in Hexes
   434 | D:1      | Reached XP level 3. HP: 26/26 MP: 4/4
   629 | D:2      | Learned a level 2 spell: Slow
  1473 | D:2      | Reached XP level 4. HP: 31/32 MP: 5/5
  2201 | D:2      | Reached XP level 5. HP: 26/37 MP: 6/6
  2440 | D:2      | Found a faded altar of an unknown god.
  2468 | D:2      | Learned a level 4 spell: Cause Fear
  2698 | D:3      | You fall into a shaft and drop 2 floors!
  2698 | D:5      | Entered Level 5 of the Dungeon
  2777 | D:3      | Reached skill level 5 in Slings
  2777 | D:3      | Reached skill level 5 in Hexes
  3114 | D:3      | Reached XP level 6. HP: 42/43 MP: 7/7
  3540 | D:4      | You fall into a shaft and drop 3 floors!
  3666 | D:6      | Noticed an orc warrior
  3766 | D:6      | Reached XP level 7. HP: 40/48 MP: 8/8
  3899 | D:5      | Reached skill level 6 in Hexes
  4124 | D:4      | Reached skill level 1 in Short Blades
  4498 | D:4      | Found a shimmering blue altar of Sif Muna.
  4893 | D:5      | Noticed a water moccasin
  5109 | D:5      | Found Vidap's General Store.
  5118 | D:5      | Bought a scroll of enchant armour for 105 gold pieces
  5118 | D:5      | Bought a scroll of fog for 28 gold pieces
  5280 | D:6      | Noticed Blork the orc
  5343 | D:5      | Killed a water moccasin
  5344 | D:5      | Reached skill level 7 in Hexes
  5344 | D:5      | Reached XP level 8. HP: 31/54 MP: 9/9
  5873 | D:6      | Reached skill level 8 in Hexes
  6467 | D:6      | Found a burning altar of Makhleb.
  6509 | D:6      | Killed Blork the orc
  6510 | D:6      | Reached XP level 9. HP: 26/59 MP: 4/10
  6846 | D:5      | Bought a scroll of enchant armour for 105 gold pieces
  6996 | D:7      | Identified a scroll of acquirement
  7015 | D:7      | Acquired a +2 triple sword of holy wrath
  7364 | D:6      | Gained mutation: You sometimes lose the ability to read
                  | scrolls when taking damage. [potion of mutation]
  7364 | D:6      | Gained mutation: Your muscles are strong. (Str +2) [potion
                  | of mutation]
  7372 | D:6      | Slain by an orc warrior

Illustrated notes

Levels and vault maps discovered:
D:1:      beargit_arrival_greenhouse, layout_loops_cross
D:2:      layout_basic, shapermc_ecumenical_altar_pompeii,
          kennysheep_generic_room_13
D:3:      layout_rooms, minmay_misc_feat_iff, minmay_parallelograms,
          grunt_ministairs_11
D:4:      layout_basic, old_standard_altar, hex_large, minivault_23
D:5:      layout_loops_ring, serial_shops, shop
D:6:      layout_basic, mainiacjoe_overflow_24_doors, corexii_corridor_pit,
          uniq_blork_the_orc
D:7:      layout_loops_ring, minmay_temple_entry_enclosed_plants

Skill      XL: |  1  2  3  4  5  6  7  8 |
---------------+-------------------------+-----
Slings         | 3 4 5 6 7 |  7.5
Hexes          | 4 5 7 8 |  8.9
Short Blades   | 3 4 |  4.7
Fighting       | |  1.1
Dodging        | |  1.7
Spellcasting   | |  1.1

Action                   |  1- 3 |  4- 6 |  7- 9 || total
-------------------------+-------+-------+-------++-------
Melee: Short sword       |    23 |    93 |   208 ||   324
       Spear             |    13 |       |       ||    13
       Triple sword      |       |       |     6 ||     6
 Fire: Hunting sling     |    43 |    86 |    63 ||   192
Throw: Stone             |       |       |     1 ||     1
 Cast: Slow              |       |       |     6 ||     6
       Cause Fear        |       |       |     1 ||     1
 Abil: Shaft Self        |       |       |     1 ||     1
Evoke: Wand              |       |       |     3 ||     3
  Use: Scroll            |       |     2 |    11 ||    13
       Potion            |       |     1 |     6 ||     7
 Stab: Sleeping          |     1 |     2 |     2 ||     5
       Distracted        |       |     1 |       ||     1
Armor: Robe              |     4 |    38 |    47 ||    89
       Ring mail         |       |       |    15 ||    15
Dodge: Dodged            |    28 |   113 |   124 ||   265

Table legend: (Time is in decaauts)
 A = Elapsed time spent in this place.
 B = Non-inter-level travel time spent in this place.
 C = Inter-level travel time spent in this place.
 D = Time resting spent in this place.
 E = Time spent auto-exploring this place.
 F = Levels seen in this place.
 G = Mean time per level.
                   A        B        C        D        E       F      G
               +--------+--------+--------+--------+--------+-----+--------+
         Total |   7362 |   6226 |   1136 |   1182 |   3380 |   7 | 1051.7 |
       Dungeon |   7362 |   6226 |   1136 |   1182 |   3380 |   7 | 1051.7 |
               +--------+--------+--------+--------+--------+-----+--------+

Top non-repeatable levels by time:
     D:2: 1841 daAuts
     D:5: 1379 daAuts
     D:6: 1352 daAuts
     D:4: 1151 daAuts
     D:3: 743 daAuts
     D:1: 693 daAuts
     D:7: 200 daAuts
